 Dungeon Crawl Stone Soup version 0.18-a0-1126-ga2d7f46 (webtiles) character file.

1593 Chiseanne the Skirmisher (level 8, -3/74 HPs)
             Began as a Centaur Air Elementalist on Jan 20, 2016.
             Was an Initiate of Gozag.
             Killed by divine providence
             ... invoked by an orc priest
              (8 damage)
             ... on level 7 of the Dungeon.
             The game lasted 00:17:49 (9638 turns).

Chiseanne the Skirmisher (Centaur Air Elementalist) Turns: 9638, Time: 00:17:50

Health: -3/74      AC: 10    Str: 11    XL:     8   Next: 62%
Magic:  10/10      EV:  7    Int: 16    God:    Gozag
Gold:   263        SH:  0    Dex: 10    Spells: 2 memorised, 7 levels left

rFire  . . .     SeeInvis .     a - +2 morningstar (drain)
rCold  . . .     Gourm    .     p - +0 scale mail
rNeg   . . .     Faith    .     (no shield)
rPois  .         Spirit   .     (no helmet)
rElec  .         Dismiss  .     (no cloak)
rCorr  .         Reflect  .     (no gloves)
SustAt .         Harm     .     (no barding)
MR     .....                    (no amulet)
Stlth  ..........               (no ring)
                                f - +3 ring of protection

@: very slightly contaminated, hasted, very quick, not resistant to hostile
enchantments, extremely unstealthy
A: hooves 3, deformed body, speed 2, tough skin 3
a: Potion Petition, Call Merchant, Bribe Branch, Renounce Religion


You were on level 7 of the Dungeon.
You worshipped Gozag.
Gozag was noncommittal.
You were not hungry.

You visited 2 branches of the dungeon, and saw 8 of its levels.
You also visited: Sewer.

You collected 375 gold pieces.
You paid 112 gold pieces to Gozag.

Inventory:

Hand Weapons
 a - a +2 morningstar of draining (weapon)
 s - a +1 mace of protection
 w - a cursed -1 arbalest
Missiles
 e - 23 sling bullets
 j - 40 bolts
 m - 41 arrows
Armour
 p - a +0 scale mail (worn)
Jewellery
 f - a +3 ring of protection (left hand)
 l - a +3 ring of intelligence {unknown}
Wands
 d - a wand of enslavement (7/24)
 t - a wand of confusion (30/48)
Scrolls
 q - 3 scrolls of fog
Potions
 h - a potion of agility {unknown}
 i - 4 potions of curing
 k - 2 potions of haste
 o - a potion of poison {unknown}
 r - a potion of cure mutation {unknown}
 u - a potion of resistance {unknown}
 v - 2 potions of flight
Books
 b - a book of Air

   Spells                             Type                      Level
   a - Shock                          Conjuration/Air              1
   b - Swiftness                      Charms/Air                   2
   c - Repel Missiles                 Charms/Air                   2
   d - Static Discharge               Conjuration/Air              3
   e - Lightning Bolt                 Conjuration/Air              5
Comestibles
 c - 4 bread rations
 g - 2 slices of pizza
 y - 2 beef jerkies
 z - 4 fruits


   Skills:
 * Level 7.7 Fighting
 * Level 5.6 Armour
 - Level 1.3 Dodging
 - Level 1.2 Stealth
 - Level 1.5 Spellcasting
 - Level 0.8 Conjurations
 - Level 2.6 Air Magic


You had 7 spell levels left.
You knew the following spells:

 Your Spells              Type           Power        Failure   Level  Hunger
a - Shock                 Conj/Air       #...         58%         1    ##.....
b - Repel Missiles        Chrm/Air       #.....       89%         2    ###....


Dungeon Overview and Level Annotations

Branches:
Dungeon (7/15)             Temple (1/1) D:4

Altars:
Elyvilon
Fedhas
Gozag
Kikubaaqudgha
Makhleb
Nemelex Xobeh
Okawaru
Pakellas
Ru
Sif Muna
Trog
Vehumet
Xom
Yredelemnul
Zin
The Shining One
Lugonu


Innate Abilities, Weirdness & Mutations

You have hooves in place of feet.
Armour fits poorly on your strangely shaped body.
You cover ground very quickly.
You have extremely tough skin (AC +3).


Message History

Your magical contamination has completely faded away.
The spriggan baker shouts!
A spriggan baker is nearby!
The spriggan baker drinks a potion.
The spriggan baker seems to speed up.
The spriggan baker closely misses you. The spriggan baker closely misses you.
The spriggan baker closely misses you.
Drink which item? (? for menu, Esc to quit)
You feel yourself speed up.
The spriggan baker hits you but does no damage.
You are very lightly contaminated with residual magic.
The spriggan baker hits you with a hand axe!
* * * LOW HITPOINT WARNING * * *
The orc priest shouts!
An adder comes into view.
You feel a little less agile now.
The orc priest mumbles some strange prayers to Beogh against you.
Something smites you!
You die...
Your body crumbles into a pile of gold.

#..........# ....
..........#
...######..........#
..####.......#......###.##
.............##.#i###.....
.............##.#..#.8...8
....S.......##.#..#......
............##.#......_..
#....@.####.#..#......
#..o.i.#....รท..#.8...8
#......#.......##.....
#......#........###.##
#......####'#........#
#......# #.#....i...#
#......# #.#......###
##.##### #.#.###### #.#
#.#.#


You could see a spriggan baker, an orc priest and an adder.

Vanquished Creatures
  A water moccasin (D:6)
  A sky beast (D:6)
  A wasp (D:7)
  2 ogres
  A big kobold (Sewer)
  2 giant frogs
  A scorpion (D:4)
  2 crimson imps
  4 hounds
  An orc priest (D:6)
  A jelly (D:6)
  3 iron imps (D:3)
  A gnoll shaman (D:4)
  Jessica (D:3)
  3 giant frog skeletons (D:6)
  An iguana (D:5)
  An orc wizard (D:6)
  4 worker ants
  8 gnolls
  A river rat (Sewer)
  8 adders
  An ooze (D:3)
  An adder zombie (D:5)
  2 adder skeletons
  2 worms
  6 giant geckos
  12 orcs
  10 bats
  6 giant cockroaches
  10 goblins
  9 hobgoblins
  5 jackals
  7 kobolds
  4 quokkas
  11 giant newts
  5 rats
139 creatures vanquished.

Notes
Turn   | Place    | Note
--------------------------------------------------------------
     0 | D:1      | Chiseanne the Centaur Air Elementalist began the quest for the Orb.
     0 | D:1      | Reached XP level 1. HP: 14/14 MP: 3/3
   477 | D:1      | Reached skill level 1 in Fighting
   767 | D:1      | Reached XP level 2. HP: 20/23 MP: 0/4
  1379 | D:1      | Learned a level 2 spell: Repel Missiles
  2025 | D:2      | Reached XP level 3. HP: 26/30 MP: 5/5
  2302 | D:2      | Found a sparkling altar of Nemelex Xobeh.
  2323 | D:2      | Found an iron altar of Okawaru.
  2392 | D:2      | Found an ancient bone altar of Kikubaaqudgha.
  2504 | D:2      | Found a bloodstained altar of Trog.
  2885 | D:3      | Reached skill level 1 in Armour
  3001 | D:3      | Reached skill level 3 in Fighting
  3001 | D:3      | Reached XP level 4. HP: 24/38 MP: 6/6
  3132 | D:3      | Noticed an ogre
  3138 | D:3      | HP: 1/38 [quokka (3)]
  3594 | D:3      | Found a shimmering altar of Xom.
  3594 | D:3      | Found a shimmering altar of Xom.
  3594 | D:3      | Found a shimmering altar of Xom.
  3594 | D:3      | Found a shimmering altar of Xom.
  3595 | D:3      | Found a shimmering altar of Xom.
  3676 | D:3      | Noticed Jessica
  3683 | D:3      | Killed Jessica
  3856 | D:3      | Found a burning altar of Makhleb.
  3858 | D:3      | Reached XP level 5. HP: 35/45 MP: 7/7
  3864 | D:3      | Killed an ogre
  3864 | D:3      | Reached skill level 4 in Fighting
  3919 | D:3      | Noticed a centaur
  4161 | D:3      | Reached XP level 6. HP: 51/53 MP: 8/8
  4273 | D:4      | Found a staircase to the Ecumenical Temple.
  4376 | Temple   | Entered the Ecumenical Temple
  4666 | D:4      | Reached skill level 5 in Fighting
  5307 | D:5      | Entered Level 5 of the Dungeon
  5345 | D:5      | Found an oddly glowing altar of Pakellas.
  5398 | D:5      | Reached XP level 7. HP: 53/61 MP: 9/9
  5736 | D:5      | Found a glowing drain.
  5753 | Sewer    | Entered a sewer
  5950 | Sewer    | Found a glowing silver altar of Zin.
  6277 | D:6      | Reached skill level 6 in Fighting
  6838 | D:6      | Reached XP level 8. HP: 33/71 MP: 10/10
  7083 | D:6      | Found a sacrificial altar of Ru.
  7570 | D:6      | Reached skill level 7 in Fighting
  7570 | D:6      | Reached skill level 5 in Armour
  9524 | D:7      | Found an opulent altar of Gozag.
  9530 | D:7      | Became a worshipper of Gozag Ym Sagoz the Greedy
  9544 | D:7      | Paralysed by a wasp for 3 turns
  9551 | D:7      | HP: 1/73 [wasp (5)]
  9638 | D:7      | Killed from afar by an orc priest

Vault maps used:
D:1:      minmay_arrival_checkered_box, roderic_lattice_a
D:2:      lightli_temple_of_fire, kiku_gazebo_pond_becter, old_standard_altar,
          lemuel_crystal_altar, serial_forest, infiniplex_forest_zigzag_2,
          infiniplex_forest_lined_3, infiniplex_forest_diagonal,
          infiniplex_forest_fountain, infiniplex_forest_straight_3,
          infiniplex_forest_fountain, infiniplex_forest_straight_1
D:3:      demons_altar, serial_corexii_hall, corexii_hall_statues_i,
          corexii_hall_statues_l, xom_redecorated, uniq_jessica
D:4:      minmay_temple_entry_statues, first_bread
D:5:      grunt_pakellas_salt, portal_sewer_entry_d
D:6:      kennysheep_mini, nicolae_water_bricks
D:7:      grunt_gozag_statues, grunt_temple_overflow_open, lemuel_round_altar,
          the_bakery, item_on_display_a
Temple:   corrupted_temple
Sewer:    sewer_kobolds

Action                   |  1- 3 |  4- 6 |  7- 9 || total
-------------------------+-------+-------+-------++-------
Melee: Club              |    37 |       |       ||    37
       Unarmed           |     5 |       |       ||     5
       Short sword       |   120 |       |       ||   120
       Morningstar       |    28 |   156 |   270 ||   454
       Mace              |       |       |    61 ||    61
 Cast: Shock             |    15 |     1 |       ||    16
       Repel Missiles    |     1 |       |       ||     1
Invok: Potion Petition   |       |       |     1 ||     1
Evoke: Wand              |       |       |     2 ||     2
  Use: Scroll            |     6 |     3 |     5 ||    14
       Potion            |     1 |       |     4 ||     5
  Eat: Chunk             |     6 |     7 |    12 ||    25
       Fruit             |       |       |     1 ||     1
